 Dungeon Crawl Stone Soup version 0.30-a0-424-g7412bad402 (webtiles) character file.

Game seed: 10009705274489630397

2107 spardeous the Transmogrifier (level 9, -6/44 HPs)
             Began as a Felid Transmuter on Dec 10, 2022.
             Was an Initiate of Gozag.
             Mangled by Joseph
             ... wielding a +2 quarterstaff of distortion
              (17 damage)
             ... on level 9 of the Dungeon.
             The game lasted 00:33:08 (12634 turns).

spardeous the Transmogrifier (Felid Transmuter)    Turns: 12634, Time: 00:33:09

Health: -6/44      AC:  2    Str:  6    XL:     9   Next: 7%
Magic:  9/13       EV: 30    Int: 17    God:    Gozag
Gold:   734        SH:  0    Dex: 23    Spells: 2/12 levels left
                                        Lives:  0   Deaths: 2

rFire   . . .      SeeInvis +      - Unarmed
rCold   . . .      Faith    .    (shield unavailable)
rNeg    . . .      Spirit   .    (body armour unavailable)
rPois   x          Reflect  .    (helmet unavailable)
rElec   .          Harm     .    (cloak unavailable)
rCorr   .          Rampage  .    (gloves unavailable)
Will    +....                    (boots unavailable)
Stlth   ++........               (no amulet)
HPRegen 0.27/turn                (no ring)
MPRegen 0.13/turn                (no ring)

@: spider-form
A: venomous fangs, tiny, (claws 1), (fangs 3), see invisible, (speed 1), (shaggy
fur 2), (stealthy paws), no weapons or thrown items, no armour, multi-lived
a: End Transformation, Renounce Religion, Potion Petition, Call Merchant, Bribe
Branch


You were on level 9 of the Dungeon.
You worshipped Gozag.
Gozag was pleased with you.
You were a venomous arachnid creature.
You visited 2 branches of the dungeon, and saw 10 of its levels.

You collected 871 gold pieces.
You paid 137 gold pieces to Gozag.

Inventory:

Armour
 u - an orb of energy
Wands
 k - a wand of roots (11)
 r - a wand of polymorph (10)
Scrolls
 c - 2 scrolls of identify
 d - 6 scrolls of teleportation
 g - 2 scrolls of amnesia {unknown}
 l - 2 scrolls of enchant weapon {unknown}
 n - 3 scrolls of magic mapping {unknown}
 o - 2 scrolls of butterflies {unknown}
 p - a scroll of immolation {unknown}
 w - a scroll of fear {unknown}
Potions
 a - 5 potions of lignification
 b - a potion of attraction {unknown}
 e - 2 potions of invisibility {unknown}
 f - 2 potions of resistance
 h - 2 potions of degeneration
 i - a potion of brilliance {unknown}
 j - a potion of haste
 m - a potion of berserk rage
 q - a potion of mutation {unknown}
 s - a potion of magic {unknown}
 t - a potion of ambrosia {unknown}
 v - a potion of flight {unknown}


   Skills:
 - Level 8.0 Fighting
 - Level 10.2 Dodging
 + Level 0.0 Stealth
 - Level 5.4 Unarmed Combat
 - Level 2.0 Spellcasting
 - Level 11.0 Transmutations


You had 2 spell levels left.
You knew the following spells:

 Your Spells              Type           Power      Damage    Failure   Level
a - Beastly Appendage     Tmut           78%        N/A       2%          1
b - Spider Form           Tmut/Pois      20%        N/A       17%         3
c - Ensorcelled Hibernat  Hex/Ice        2%         N/A       50%         2
d - Ice Form              Ice/Tmut       20%        N/A       41%         4

Your spell library contained the following spells:

 Spells                   Type           Power      Damage    Failure   Level
 Wereblood                Tmut           39%        N/A       2%          2
 Summon Small Mammal      Summ           4%         N/A       38%         1
 Call Canine Familiar     Summ           1%         N/A       71%         3
 Frozen Ramparts          Ice            2%         1d1       71%         3
 Gell's Gravitas          Tloc           1%         N/A       71%         3
 Summon Guardian Golem    Hex/Summ       1%         N/A       71%         3
 Teleport Other           Tloc           1%         N/A       71%         3
 Anguish                  Hex/Necr       0%         N/A       96%         4
 Summon Ice Beast         Ice/Summ       1%         N/A       96%         4
 Dispersal                Tloc           0%         N/A       100%        6


Dungeon Overview and Level Annotations

Branches:
Dungeon (9/15)             Temple (1/1) D:7
   Lair: D:8-11         Orc: D:9-12

Altars:
Ashenzari
Cheibriados
Dithmenos
Elyvilon
Fedhas
Gozag
Hepliaklqana
Kikubaaqudgha
Makhleb
Nemelex Xobeh
Okawaru
Qazlal
Ru
Sif Muna
Trog
Uskayaw
Vehumet
Wu Jian
Xom
Yredelemnul
Zin

Portals:
Abyss: D:9

Annotations:
D:9 2 transporters, Grum; Joseph; bakla's ghost, novice OpTm


Innate Abilities, Weirdness & Mutations

You are a venomous arachnid creature.
You have poisonous fangs.
You are tiny and dextrous.
Your spellcasting is less reliable in this form.
((You have sharp claws.))
((You have razor-sharp teeth.))
You have supernaturally acute eyesight. (SInv)
((You cover ground quickly. (Speed+)))
((You are covered in thick fur. (AC +2)))
((Your paws help you pounce on unaware monsters.))
You are incapable of wielding weapons or throwing items.
You cannot wear armour.
You gain extra lives every three experience levels.


Message History

No target in view!
No target in view!
Your transformation is almost over.
Casting: Spider Form (dangerous; 17% risk of failure)
Confirm with . or Enter, or press ? or * to list all spells.
You extend your transformation's duration.
You hear a shout!
You barely miss Joseph.
Joseph unwields a +0 sling.
Joseph wields a +2 quarterstaff of distortion.
Its appearance distorts for a moment.
Joseph hits you with a +2 quarterstaff of distortion!
Space warps around you.
You are too injured to fight recklessly!
You are too injured to fight recklessly!
You are too injured to fight recklessly!
You are too injured to fight recklessly!
You hit Joseph but do no damage.
Joseph is poisoned.
Joseph hits you with a +2 quarterstaff of distortion!
* * * LOW HITPOINT WARNING * * *
Space warps around you.
* * * LOW HITPOINT WARNING * * *
You bite Joseph!
Joseph looks as sick as possible!
Joseph is lightly wounded.
Joseph completely misses you.
Joseph unwields a +2 quarterstaff of distortion.
Its appearance distorts for a moment.
Joseph wields a +0 sling.
Joseph shoots a sling bullet.
The sling bullet closely misses you.
You hear a shout!
Joseph shoots a sling bullet.
The sling bullet completely misses you.
Joseph unwields a +0 sling.
Joseph wields a +2 quarterstaff of distortion.
Its appearance distorts for a moment.
Joseph completely misses you.
You bite Joseph!
Joseph looks as sick as possible!
Joseph is heavily wounded.
You hit Joseph.
Joseph looks as sick as possible!
Joseph is heavily wounded.
An orc warrior comes into view. It is wielding a +0 long sword.
Joseph hits you with a +2 quarterstaff of distortion!
You die...
Your body crumbles into a pile of gold.

.######....#..#..#..#..#..#..#..#
.................................
...........#..#..#..#..#..#..#..#
##.####..........................
#.# #..########################
#)# #..###.##.##.##>..###.# #.#
##<# #..##...>...........#.# #.#
...# #..##.#...............###.#
#### #.........s..#..h..h......#
##.####.#@####..~P.....####
#.......o####..~......# #
######.....##..P..#...# #
#####@###...'##..## # ...#...#
##.g### .#.......###..#.##
##.#.##.#..#..###.#
#.###(##...###.##


You could see Joseph (extremely poisoned) and an orc warrior.

Vanquished Creatures
  A two-headed ogre (D:9)
  Pikel (D:5)
  Sigmund (D:2)
  A wyvern (D:9)
  3 yaks (D:5)
  The ghost of sigtrap the Chopper, an amateur GnRe (D:3)
  A steam dragon (D:7)
  An acid dragon (D:7)
  2 water moccasins
  An orc warrior (D:6)
  Pargi (D:3)
  An ice beast (D:8)
  3 sky beasts
  A black bear (D:7)
  2 ogres
  2 centaurs
  2 wolves (D:9)
  3 lemures
  A phantom (D:4)
  Blork the orc (D:5)
  3 bullfrogs
  A gnoll sergeant (D:9)
  3 scorpions
  5 killer bees
  A howler monkey (D:5)
  4 hounds
  2 jellies (D:7)
  4 orc priests
  Crazy Yiuf (D:6)
  4 iguanas
  7 orc wizards
  7 gnolls
  7 adders
  2 shadow imps
  An ufetubus (D:4)
  A dart slug (D:3)
  22 orcs
  4 bats
  4 endoplasms
  2 giant cockroaches
  11 goblins
  10 hobgoblins
  2 jackals (D:2)
  9 quokkas
  7 ball pythons
  5 frilled lizards
  12 kobolds
  10 rats
181 creatures vanquished.

Vanquished Creatures (others)
  3 plants (D:9)
3 creatures vanquished.

Grand Total: 184 creatures vanquished

Notes
Turn   | Place    | Note
-------+----------+-------------------------------------------
     0 | D:1      | spardeous the Felid Transmuter began the quest for the Orb.
     0 | D:1      | Reached XP level 1. HP: 9/9 MP: 4/4
   251 | D:1      | Reached XP level 2. HP: 12/12 MP: 4/6
   780 | D:1      | Found a faded altar of an unknown god.
   842 | D:1      | Reached XP level 3. HP: 15/15 MP: 5/7
  1671 | D:2      | Noticed Sigmund
  2053 | D:3      | Learned a level 3 spell: Spider Form
  2056 | D:3      | Learned a level 2 spell: Ensorcelled Hibernation
  2159 | D:3      | Reached XP level 4. HP: 19/19 MP: 8/8
  2229 | D:3      | Noticed Pargi
  2401 | D:3      | Identified the +6 chain mail of the Wizarding Gods {+Blink
                  | rN+ Dex+2}
  2437 | D:3      | Reached skill level 3 in Transmutations
  2498 | D:3      | Reached XP level 5. HP: 10/22 MP: 6/9
  2606 | D:3      | Killed Pargi
  2607 | D:3      | Reached skill level 4 in Transmutations
  2736 | D:3      | Found a runed translucent gate.
  2736 | D:3      | Found a runed translucent gate.
  2737 | D:3      | Found a runed translucent gate.
  2739 | D:3      | Noticed sigtrap's ghost (amateur GnRe)
  3036 | D:4      | Reached skill level 5 in Transmutations
  3036 | D:4      | Gained mutation: You are covered in thick fur. (AC +2)
                  | [Felid growth]
  3036 | D:4      | Reached XP level 6. HP: 25/25 MP: 7/10
  3434 | D:4      | Reached skill level 5 in Dodging
  3551 | D:4      | Reached skill level 6 in Transmutations
  3670 | D:4      | Reached XP level 7. HP: 24/28 MP: 7/11
  4130 | D:2      | Killed Sigmund
  4131 | D:2      | Reached skill level 5 in Unarmed Combat
  4231 | D:5      | Entered Level 5 of the Dungeon
  4287 | D:5      | Found a sacrificial altar of Ru.
  4318 | D:5      | Noticed Pikel
  5032 | D:5      | Noticed Blork the orc
  5317 | D:5      | Noticed a yak
  5317 | D:5      | Noticed a yak
  5317 | D:5      | Noticed a yak
  5345 | D:5      | Killed a yak
  5346 | D:5      | Reached XP level 8. HP: 17/36 MP: 12/12
  5707 | D:5      | Killed Blork the orc
  5828 | D:5      | Reached skill level 5 in Fighting
  6184 | D:5      | Killed Pikel
  6365 | D:6      | Reached XP level 9. HP: 43/43 MP: 10/13
  7591 | D:6      | Found a runed translucent door.
  7592 | D:6      | Noticed Crazy Yiuf
  7610 | D:6      | Killed Crazy Yiuf
  7994 | D:7      | Found a radiant altar of Vehumet.
  8005 | D:7      | Killed from afar by an acid dragon
  8006 | D:7      | Reached XP level 8. HP: -4/40 MP: 6/12
  8195 | D:7      | Reached skill level 10 in Dodging
  8233 | D:7      | Found a large runed translucent door.
  8233 | D:7      | Found a large runed translucent door.
  8601 | D:7      | Found a staircase to the Ecumenical Temple.
  8712 | D:7      | Reached skill level 7 in Transmutations
  8758 | D:7      | Found a hide-covered altar of Uskayaw.
  8761 | D:7      | Found a basalt altar of Yredelemnul.
  8822 | Temple   | Entered the Ecumenical Temple
  8890 | Temple   | Became a worshipper of Gozag Ym Sagoz the Greedy
  9282 | D:3      | Killed sigtrap's ghost
  9283 | D:3      | Reached XP level 9. HP: 35/44 MP: 11/13
  9721 | D:7      | Reached skill level 8 in Transmutations
 10331 | D:8      | Reached skill level 9 in Transmutations
 10380 | D:8      | Found an ancient bone altar of Kikubaaqudgha.
 10380 | D:8      | Found a broken altar of Ashenzari.
 11245 | D:9      | Noticed Grum
 11272 | D:9      | Reached skill level 10 in Transmutations
 11406 | D:9      | Noticed a two-headed ogre
 11817 | D:9      | Killed a two-headed ogre
 11934 | D:9      | Noticed Joseph
 12077 | D:9      | Succumbed to Grum's poison
 12078 | D:9      | Reached XP level 8. HP: 0/40 MP: 5/12
 12093 | D:9      | Noticed a skeletal warrior
 12097 | D:9      | Found a one-way gate to the infinite horrors of the Abyss.
 12097 | D:9      | Noticed bakla's ghost (novice OpTm)
 12097 | D:9      | Noticed a rakshasa
 12098 | D:9      | Found a transporter.
 12104 | D:9      | Noticed a toenail golem
 12108 | D:9      | Found a transporter.
 12154 | D:9      | Noticed a thrashing horror
 12186 | D:9      | Noticed a thrashing horror
 12255 | D:9      | Reached XP level 9. HP: 44/44 MP: 9/13
 12410 | D:9      | Learned a level 4 spell: Ice Form
 12463 | D:9      | Reached skill level 11 in Transmutations
 12634 | D:9      | Mangled by Joseph

Illustrated notes

Levels and vault maps discovered:
D:1:      enne_arrival_octagon_isle, layout_basic,
          shapermc_ecumenical_altar_mp_highgroup, hangedman_decor_slide_cut,
          minmay_cut_off
D:2:      layout_rooms, minmay_pentomino_x2, uniq_sigmund
D:3:      layout_basic, ebering_ghost_rock_garden, nrook_mini_backslash,
          uniq_pargi
D:4:      layout_cave_pools, minmay_fractal_squares_gapless_5
D:5:      layout_loops_ring, nicolae_ru_awakened_eye, minivault_26,
          uniq_blork_the_orc, uniq_pikel
D:6:      layout_loops_corners, uniq_crazy_yiuf_cottage
D:7:      layout_cave_pools, nicolae_vehumet_radiance, jmf_multi_god_temple2,
          minmay_temple_entry_poolview, nicolae_lava_and_water
D:8:      layout_basic, gammafunk_temple_overflow_elements
D:9:      layout_loops_ring, tso_oasis_becter, gammafunk_ghost_abyssal_escape,
          columned_hall_lemuel, moated_statue, uniq_joseph, uniq_grum
Temple:   regret_index_temple_generic_petals

Skill      XL: |  1  2  3  4  5  6  7  8  9 |
---------------+----------------------------+-----
Dodging        | 3 4 5 6 10 9 | 10.2
Unarmed Combat | 4 5 |  5.4
Transmutations | 3 5 6 7 11 | 11.0
Fighting       | 4 8 |  8.0
Spellcasting   | |  2.0

Action                   |  1- 3 |  4- 6 |  7- 9 || total
-------------------------+-------+-------+-------++-------
Melee: Unarmed           |   120 |   153 |   431 ||   704
       Headbutt          |    16 |    13 |     2 ||    31
       Bite              |     5 |    11 |     4 ||    20
       Punch             |     1 |     4 |     1 ||     6
 Cast: Beastly Appendage |    43 |    36 |     4 ||    83
       Spider Form       |       |     5 |    78 ||    83
       Ensorcelled Hiber |       |       |    16 ||    16
  Use: Scroll            |       |       |     7 ||     7
       Potion            |       |       |     5 ||     5
 Stab: Sleeping          |     6 |     2 |     3 ||    11
       Distracted        |       |       |     1 ||     1
Armor: Skin              |     1 |     7 |    10 ||    18
Dodge: Dodged            |    90 |   151 |   492 ||   733

Table legend: (Time is in decaauts)
 A = Elapsed time spent in this place.
 B = Non-inter-level travel time spent in this place.
 C = Inter-level travel time spent in this place.
 D = Time resting spent in this place.
 E = Time spent auto-exploring this place.
 F = Levels seen in this place.
 G = Mean time per level.
                   A        B        C        D        E       F      G
               +--------+--------+--------+--------+--------+-----+--------+
         Total |  11125 |  10316 |    809 |   1357 |   6250 |  10 | 1112.5 |
       Dungeon |  10923 |  10137 |    786 |   1357 |   6081 |   9 | 1213.7 |
        Temple |    202 |    180 |     22 |      0 |    168 |   1 |  202.0 |
               +--------+--------+--------+--------+--------+-----+--------+

Top non-repeatable levels by time:
     D:5: 1667 daAuts
     D:6: 1494 daAuts
     D:7: 1366 daAuts
     D:9: 1238 daAuts
     D:4: 1170 daAuts
     D:8: 1116 daAuts
     D:1: 1115 daAuts
     D:3: 1001 daAuts
     D:2: 752 daAuts
  Temple: 202 daAuts
